 Dungeon Crawl Stone Soup version 0.31-a0-20-g13bd767e95 (webtiles) character file.

Game seed: 14286165856720658018

68861 teofil the Slayer (level 14, -9/152 HPs)
             Began as a Minotaur Berserker on May 13, 2023.
             Was the Champion of Trog.
             Killed by divine providence
             ... invoked by a smoke demon
              (15 damage)
             ... on level 2 of the Abyss.
             The game lasted 01:35:13 (23377 turns).

teofil the Slayer (Minotaur Berserker)             Turns: 23377, Time: 01:35:14

Health: -9/152     AC: 25    Str: 26      XL:     14   Next: 88%
Magic:  13/13      EV: 11    Int:  5 (10) God:    Trog [******]
Gold:   1730       SH:  0    Dex: 17      Spells: 13/13 levels left

rFire   + . .        S - +2 battleaxe (drain)
rCold   x . .        (shield currently unavailable)
rNeg    . . .        J - +0 plate armour
rPois   +            I - +2 hat {SInv}
rElec   +            R - +0 cloak
rCorr   .            N - +0 pair of gloves
SInv    +            w - +2 pair of boots
Will    +....        (no amulet) Stlth
                     r - +6 ring of dexterity
HPRegen 0.00/turn    c - ring of Fedhas, Lusting {Fire Drain +Blink rElec rPois Int+6}
MPRegen 0.13/turn

%: no passive effects
@: sick
A: horns 2, retaliatory headbutt
a: Renounce Religion, Evoke Blink, Berserk, Trog's Hand, Brothers in Arms


You were on level 2 of the Abyss.
You worshipped Trog.
Trog was exalted by your worship.
You visited 3 branches of the dungeon, and saw 19 of its levels.
You visited the Abyss 1 time.

You collected 1750 gold pieces.
You spent 20 gold pieces at shops.

Inventory:

Hand Weapons
 d - a +3 war axe
 S - a +2 battleaxe of draining (weapon)
 T - the +3 mace "Huynies" {elec, rC+ Dex+5 SInv}
   (You found it on level 3 of the Lair of Beasts)

   Dex:       It affects your dexterity (+5).
   rC:        It protects you from cold.
   SInv:      It lets you see invisible.
Missiles
 b - 121 stones (quivered)
 C - a throwing net
Armour
 e - an orb of wrath
 v - a scarf of harm
 w - a +2 pair of boots (worn)
 I - a +2 hat of see invisible (worn)
 J - a +0 plate armour (worn)
 N - a +0 pair of gloves (worn)
 R - a +0 cloak (worn)
Jewellery
 c - the ring of Fedhas, Lusting (right hand) {Fire Drain +Blink rElec rPois Int+6}
   (You found it on level 3 of the Lair of Beasts)

   [ring of fire]

   It enhances your fire magic.
   Int:       It affects your intelligence (+6).
   rF:        It protects you from fire.
   rC:        It makes you vulnerable to cold.
   rElec:     It insulates you from electricity.
   rPois:     It protects you from poison.
   +Blink:    It lets you blink.
   Drain:     It drains your maximum health when unequipped.
 i - a +5 ring of evasion
 m - a ring of magical power
 r - a +6 ring of dexterity (left hand)
 B - a ring of resist corrosion
 D - a ring of flight
Wands
 a - a wand of acid (2)
 x - a wand of roots (21)
 y - a wand of mindburst (6)
 K - a wand of paralysis (13)
Scrolls
 h - 5 scrolls of silence
 l - 6 scrolls of enchant weapon
 s - 2 scrolls of magic mapping
 u - 5 scrolls of enchant armour
 E - 5 scrolls of blinking
 H - 2 scrolls of fog
 P - a scroll of torment {unknown}
Potions
 f - 4 potions of heal wounds
 g - 11 potions of curing
 k - 3 potions of ambrosia
 n - 3 potions of lignification
 o - 3 potions of magic
 p - a potion of flight
 q - a potion of resistance
 z - 2 potions of might
 A - 3 potions of cancellation
 F - a potion of invisibility
 L - 2 potions of brilliance
 O - 3 potions of mutation
 Q - 2 potions of haste
Miscellaneous
 G - a piece from Xom's chessboard (15/15)


   Skills:
 * Level 21.9 Fighting
 + Level 16.1 Axes
 + Level 13.9 Armour
 - Level 7.0 Dodging
 - Level 4.0 Evocations


You had 13 spell levels left.
You didn't know any spells.
Your spell library was empty.

Dungeon Overview and Level Annotations

Branches:
Dungeon (12/15)            Temple (0/1) D:5            Lair (5/5) D:10
 Shoals (0/4) Lair:2       Spider (0/4) Lair:2        Slime (0/5) Lair:5
    Orc (2/2) D:12            Elf (0/3) Orc:2

Altars:
Ashenzari
Cheibriados
Dithmenos
Elyvilon
Hepliaklqana
Nemelex Xobeh
Ru
Vehumet
Xom
Yredelemnul
Zin
The Shining One
Jiyva
Lugonu

Shops:
D:2 ?   D:6 *   D:7 :   D:10 [   Orc:2 *

Portals:
Abyss: Lair:5


Innate Abilities, Weirdness & Mutations

You have a pair of horns on your head.
You reflexively headbutt those who attack you in melee.


Message History

The small abomination hits you. The neqoxec gestures at you.
Something tries to feed on your intellect!
The quasit attacks as you move away! The quasit barely misses you.
The quasit closely misses you.
The quasit claws you but does no damage.
You plunge deeper into the Abyss.
A starcursed mass comes into view.
A starcursed mass splits.
A starcursed mass splits.
A chorus of shrieks assaults your mind.
* * * LOW HITPOINT WARNING * * *
A starcursed mass splits.
A chorus of shrieks assaults your mind.
* * * LOW HITPOINT WARNING * * *
A smoke demon comes into view.
The smoke demon roars!
A starcursed mass splits.
A chorus of shrieks assaults your mind.
* * * LOW HITPOINT WARNING * * *
The smoke demon barely misses you. You furiously retaliate!
You headbutt the smoke demon! The smoke demon hits you.
* * * LOW HITPOINT WARNING * * *
The smoke demon hits you but does no damage.
The smoke demon attacks as you move away!
The smoke demon barely misses you. You furiously retaliate!
You headbutt the smoke demon.
The smoke demon hits you but does no damage.
The smoke demon closely misses you.
The smoke demon attacks as you move away!
The smoke demon hits you.
* * * LOW HITPOINT WARNING * * *
The smoke demon closely misses you.
The smoke demon hits you but does no damage.
The smoke demon gestures at you. Something smites you!
* * * LOW HITPOINT WARNING * * *
The smoke demon gestures at you. Something smites you!
You die...

# ..# .#..### # #.
..#... #.##. #....##
#....##.....# . .
.........#..# .
...........# .
.#.##..#.@#.### . .##..
..#.......# . #.#.##
.#...##.## ..
...#...##.3..##.. . .
#.............# ...#
#.#.......#.#.#
....#..#..........#....
. ...
X...X.............
...X....XX.#.....#.....


You could see a smoke demon.

Vanquished Creatures
  Rupert (Lair:3)
  Gastronok (D:7)
  3 hydras
  A catoblepas (Lair:5)
  3 boulder beetles
  2 centaur warriors (D:11)
  5 death yaks (Lair:5)
  Urug (D:12)
  4 orc high priests
  2 thrashing horrors (Lair:5)
  A skyshark (Lair:5)
  A wizard (D:11)
  4 orc knights
  4 lindwurms (Lair:3)
  A cyclops (D:11)
  A deep elf pyromancer (D:12)
  3 orc sorcerers
  2 ugly things (Lair:5)
  An oklob plant (Lair:3)
  3 manticores
  A black mamba (shapeshifter) (Lair:5)
  A smoke demon (Lair:5)
  3 black mambas
  A gargoyle (D:10)
  12 elephants
  A torpor snail (Lair:5)
  17 cane toads
  A rime drake (Lair:4)
  A kobold demonologist (D:11)
  9 komodo dragons
  2 ancient zymes (Lair:5)
  A komodo dragon (shapeshifter) (Lair:5)
  2 yaktaurs (D:11)
  The ghost of schwarznadel the Trooper, an amateur HOFi (D:6)
  3 polar bears
  2 hornets
  5 trolls
  20 blink frogs
  6 wyverns
  2 ynoxinuls (Lair:5)
  2 shadows (D:12)
  A shapeshifter (Lair:5)
  42 yaks
  13 basilisks
  3 steam dragons
  6 vampire mosquitoes (D:12)
  A warg (Orc:1)
  5 large abominations
  Menkaure (D:6)
  Duvessa (D:6)
  18 water moccasins
  A meliai simulacrum (D:12)
  23 orc warriors
  3 ice beasts
  An ice beast (shapeshifter) (Lair:5)
  4 black bears
  5 ogres
  13 wolves
  9 small abominations (Lair:5)
  16 centaurs
  4 kobold brigands
  A phantom (D:6)
  14 bullfrogs
  A gnoll sergeant (D:6)
  A scorpion (D:5)
  8 wights
  Dowan (D:6)
  4 electric eels
  7 howler monkeys
  25 orc priests
  3 hounds
  A sleepcap (D:7)
  A gnoll bouda (D:7)
  An iguana (D:5)
  A jelly (D:6)
  25 orc wizards
  8 gnolls
  4 adders
  A worm (D:2)
  2 dart slugs (D:1)
  99 orcs
  10 ball pythons
  8 bats
  8 endoplasms
  3 giant cockroaches
  10 goblins
  4 hobgoblins
  4 jackals (D:4)
  4 quokkas
  3 frilled lizards
  25 kobolds
  6 rats
600 creatures vanquished.

Vanquished Creatures (others)
  A white imp (D:7)
1 creature vanquished.

Grand Total: 601 creatures vanquished

Notes
Turn   | Place    | Note
-------+----------+-------------------------------------------
     0 | D:1      | teofil the Minotaur Berserker began the quest for the Orb.
     0 | D:1      | Reached XP level 1. HP: 19/19 MP: 0/0
    45 | D:1      | Reached skill level 4 in Fighting
    47 | D:1      | Reached XP level 2. HP: 26/27 MP: 1/1
   259 | D:1      | Found a faded altar of an unknown god.
   377 | D:1      | Reached ** piety under Trog
   448 | D:1      | Reached XP level 3. HP: 34/34 MP: 2/2
   858 | D:2      | Reached skill level 5 in Fighting
   942 | D:2      | Reached XP level 4. HP: 42/42 MP: 3/3
  1168 | D:2      | Found Jithran's Magic Scroll Shoppe.
  1173 | D:2      | Bought a scroll of identify for 20 gold pieces
  1772 | D:3      | Reached skill level 6 in Fighting
  1783 | D:3      | Reached XP level 5. HP: 48/50 MP: 4/4
  1845 | D:3      | Noticed a black bear
  1967 | D:4      | Reached skill level 5 in Axes
  2020 | D:4      | Noticed a sky beast
  2090 | D:3      | Found a glowing golden altar of the Shining One.
  2256 | D:3      | Found a glowing silver altar of Zin.
  2293 | D:3      | Found a shimmering altar of Xom.
  2299 | D:3      | Found a sparkling altar of Nemelex Xobeh.
  2505 | D:4      | Found a white marble altar of Elyvilon.
  2903 | D:5      | Entered Level 5 of the Dungeon
  2980 | D:5      | Reached skill level 7 in Fighting
  2980 | D:5      | Reached XP level 6. HP: 60/60 MP: 5/5
  3048 | D:5      | Found a broken altar of Ashenzari.
  3131 | D:5      | Found a hazy altar of Hepliaklqana.
  3216 | D:5      | Identified the +0 leather armour "Foyl" {Str+2 Slay+3}
  3273 | D:5      | Noticed an ice beast
  3282 | D:5      | Killed an ice beast
  3283 | D:5      | Reached skill level 8 in Fighting
  3386 | D:5      | Found a staircase to the Ecumenical Temple.
  3854 | D:3      | Reached XP level 7. HP: 69/69 MP: 6/6
  4013 | D:6      | Reached skill level 9 in Fighting
  4112 | D:6      | Found a runed translucent gate.
  4112 | D:6      | Noticed schwarznadel's ghost (amateur HOFi)
  4113 | D:6      | Found a runed translucent gate.
  4114 | D:6      | Found a runed translucent gate.
  4123 | D:6      | Found Nel Bith's Lightly-Used Armoury.
  4168 | D:6      | Found a shadowy altar of Dithmenos.
  4172 | D:6      | Noticed Dowan
  4173 | D:6      | Noticed Duvessa
  4210 | D:6      | Killed Duvessa
  4211 | D:6      | Reached XP level 8. HP: 79/79 MP: 7/7
  4250 | D:6      | Reached skill level 10 in Fighting
  4256 | D:6      | Killed Dowan
  4572 | D:6      | Noticed Menkaure
  4585 | D:6      | Killed Menkaure
  4852 | D:6      | Reached skill level 11 in Fighting
  5078 | D:7      | You are sucked into a shaft and drop 1 floor!
  5094 | D:8      | Noticed a hornet
  5414 | D:8      | Reached skill level 12 in Fighting
  5414 | D:8      | Reached XP level 9. HP: 79/90 MP: 8/8
  5903 | D:7      | Reached *** piety under Trog
  5904 | D:7      | Reached skill level 1 in Evocations
  6224 | D:7      | Found Juyseagi's Tremendous Tomes.
  6481 | D:8      | Noticed Gastronok
  6497 | D:7      | Killed Gastronok
  6498 | D:7      | Reached skill level 13 in Fighting
  6498 | D:7      | Reached skill level 10 in Axes
  6498 | D:7      | Reached skill level 5 in Armour
  6498 | D:7      | Reached XP level 10. HP: 70/102 MP: 9/9
  6619 | D:7      | Reached skill level 14 in Fighting
  7285 | D:8      | Paralysed by a hornet for 2 turns
  7290 | D:7      | Paralysed by a hornet for 1 turns
  8174 | D:9      | Reached skill level 15 in Fighting
  8302 | D:9      | Reached **** piety under Trog
  8501 | D:9      | Found a radiant altar of Vehumet.
  8510 | D:9      | Noticed a boulder beetle
  8521 | D:10     | Entered Level 10 of the Dungeon
  8734 | D:10     | Reached XP level 11. HP: 102/112 MP: 10/10
  8974 | D:10     | Found Aklouzomo's Armour Boutique.
  9289 | D:10     | Found a staircase to the Lair.
  9746 | D:10     | Reached skill level 16 in Fighting
  9943 | D:11     | Found a sacrificial altar of Ru.
 10409 | D:12     | Noticed a centaur warrior
 10409 | D:12     | Noticed a centaur warrior
 10409 | D:12     | Noticed a wizard
 10637 | D:6      | Killed schwarznadel's ghost
 10784 | Lair:1   | Entered Level 1 of the Lair of Beasts
 11528 | Lair:1   | Reached skill level 17 in Fighting
 11901 | Lair:2   | Found a hole to the Spider Nest.
 11996 | Lair:2   | Noticed a seven-headed hydra
 12322 | Lair:3   | Reached XP level 12. HP: 98/125 MP: 11/11
 12487 | Lair:2   | Reached skill level 10 in Armour
 12781 | Lair:2   | Found a staircase to the Shoals.
 12789 | Lair:2   | Reached skill level 18 in Fighting
 13393 | Lair:2   | Killed a seven-headed hydra
 13996 | Lair:3   | Identified the ring of Fedhas, Lusting {Fire Drain +Blink
                  | rElec rPois Int+6}
 14004 | Lair:3   | Identified the +3 mace "Huynies" {elec, rC+ Dex+5 SInv}
 14141 | Lair:3   | Noticed an eight-headed hydra
 14156 | Lair:3   | Killed an eight-headed hydra
 14853 | Lair:3   | Noticed Rupert
 14865 | Lair:3   | Killed Rupert
 14866 | Lair:3   | Reached XP level 13. HP: 136/136 MP: 12/12
 15207 | Lair:3   | Reached skill level 5 in Dodging
 15423 | Lair:3   | Reached skill level 19 in Fighting
 15795 | Lair:4   | Found a basalt altar of Yredelemnul.
 15873 | Lair:4   | You fall into a shaft and drop 1 floor!
 15873 | Lair:5   | Entered Level 5 of the Lair of Beasts
 15873 | Lair:5   | Found a snail-covered altar of Cheibriados.
 15958 | Lair:5   | Reached ***** piety under Trog
 16226 | Lair:5   | Found a viscous altar of Jiyva.
 16227 | Lair:5   | Found a staircase to the Slime Pits.
 16449 | Lair:5   | Reached skill level 20 in Fighting
 17449 | Lair:5   | Reached XP level 14. HP: 140/148 MP: 13/13
 17694 | Lair:5   | Reached skill level 15 in Axes
 17995 | Lair:5   | Received a gift from Trog
 18249 | Lair:5   | Found a corrupted altar of Lugonu.
 18249 | Lair:5   | Found a one-way gate to the infinite horrors of the Abyss.
 18261 | Lair:5   | Identified the +2 cloak "Huupith" {Harm *Corrode MP+9
                  | Str+4}
 18779 | D:10     | Found Aklouzomo's Armour Boutique.
 20031 | D:11     | Reached skill level 21 in Fighting
 20159 | D:12     | Found a staircase to the Orcish Mines.
 20533 | D:12     | Noticed Urug
 20548 | D:12     | Killed Urug
 21043 | Orc:1    | Entered Level 1 of the Orcish Mines
 21212 | Orc:2    | Entered Level 2 of the Orcish Mines
 21431 | Orc:2    | Found a staircase to the Elven Halls.
 22119 | Orc:2    | Noticed an orc warlord
 22407 | Orc:2    | Found Efuwurug's General Store.
 22866 | Orc:2    | Reached ****** piety under Trog
 23163 | Abyss:1  | Found a corrupted altar of Lugonu.
 23163 | Abyss:1  | Found a corrupted altar of Lugonu.
 23163 | Abyss:1  | Cast into level 1 of the Abyss (orc warrior)
 23304 | Abyss:1  | Noticed a bone dragon
 23376 | Abyss:2  | HP: 6/152 [smoke demon/divine providence (12)]
 23377 | Abyss:2  | Killed from afar by a smoke demon

Illustrated notes

Levels and vault maps discovered:
D:1:      lightli_arrival_lavapool, layout_basic,
          hellmonk_ecumenical_altar_blasted
D:2:      layout_basic, serial_shops, nicolae_shop_hallway_plus,
          grunt_ministairs_13, minmay_tromino_v2
D:3:      layout_rooms, zin_academy, mainiacjoe_overflow_large_starburst,
          tso_oasis_becter
D:4:      layout_loops_cross, elyvilon_altar_5, hex_large, minivault_19
D:5:      layout_rooms, nicolae_ashenzari_panopticon, overflow_temple_1_default,
          minmay_temple_entry_proselytizer, minivault_5
D:6:      layout_cave_pools, mainiacjoe_overflow_brackets,
          biasface_ghost_orc_armoury, minmay_shop_damaged, st_stairs_10,
          dreamdust_mushroom_princess, minivault_14, uniq_duvessa, uniq_menkaure
D:7:      wad_river_or_something, layout_rooms, nicolae_shop_i_like_big_books,
          patterned_corridor
D:8:      layout_rooms, uniq_gastronok
D:9:      layout_roguey [special_room_orc], mainiacjoe_overflow_cross_hatched
D:10:     layout_cave_pools, erik_lair_dragon, serial_shops,
          nicolae_take_the_stairs
D:11:     layout_irregular_city, nicolae_ru_the_path_less_chosen
D:12:     minmay_ambush_box, layout_irregular_city, orc_0_dummy,
          minmay_statues_item, lightli_corner_chamber, uniq_urug
Lair:1:   layout_hall_layers, infiniplex_staircase_pool, grunt_megastairs_2
Lair:2:   layout_chaotic_city, minmay_shoals_entry_centaurs,
          spider_nest_entry_web_field
Lair:3:   layout_gridlike, serial_bayou_pond_b, nicolae_quartered_pool_super,
          minmay_lair_oklob_items, minmay_lindwurm_lava, serial_bayou_shore_a,
          uniq_rupert
Lair:4:   layout_concentric_octagons, basic_altar, minivault_23,
          beast_lair_carwin_5, grunt_megastairs_5
Lair:5:   hellmonk_lair_end_abyssal_woods, layout_gridlike, slime_entry_1,
          basic_altar
Orc:1:    layout_caves, uniq_erolcha
Orc:2:    st_orc_congregation, layout_diamond_mine, serial_shops,
          nicolae_shop_hallway_stairs
Abyss:2:  base:
Lair:4

Skill      XL: |  1  2  3  4  5  6  7  8  9 10 11 12 13 14 |
---------------+-------------------------------------------+-----
Fighting       | 4 5 6 7 8 9 12 13 15 17 18 20 21 | 21.9
Axes           | 4 5 6 7 8 10 11 12 13 14 16 | 16.1
Armour         | 5 7 9 11 12 13 | 13.9
Evocations     | 2 3 4 |  4.0
Dodging        | 3 4 7 |  7.0

Action                     |  1- 3 |  4- 6 |  7- 9 | 10-12 | 13-15 || total
---------------------------+-------+-------+-------+-------+-------++-------
  Melee: Hand axe          |    71 |   134 |   197 |   519 |       ||   921
         Headbutt          |     4 |    25 |    41 |   137 |   144 ||   351
         Punch             |       |     1 |     3 |     6 |       ||    10
         Battleaxe         |       |       |       |    90 |   598 ||   688
         Mace              |       |       |       |    12 |     5 ||    17
         Spear             |       |       |       |     6 |       ||     6
  Throw: Stone             |       |       |       |     6 |     5 ||    11
 Invoke: Berserk           |       |     6 |     6 |    24 |     8 ||    44
         Trog's Hand       |       |     3 |     2 |     6 |       ||    11
Ability: Evoke Blink       |       |       |       |       |     2 ||     2
  Evoke: Wand              |       |       |       |     5 |     1 ||     6
    Use: Scroll            |       |     7 |     2 |    12 |    12 ||    33
         Potion            |       |       |       |     3 |     3 ||     6
   Stab: Paralysed         |       |       |       |     6 |     5 ||    11
         Distracted        |       |       |       |       |     1 ||     1
 Armour: Animal skin       |    20 |     1 |       |       |       ||    21
         Ring mail         |       |    41 |    47 |       |       ||    88
         Plate armour      |       |       |    55 |   405 |   490 ||   950
         Skin              |       |       |       |    63 |       ||    63
  Dodge: Dodged            |    55 |    71 |    74 |   246 |   379 ||   825

Table legend: (Time is in decaauts)
 A = Elapsed time spent in this place.
 B = Non-inter-level travel time spent in this place.
 C = Inter-level travel time spent in this place.
 D = Time resting spent in this place.
 E = Time spent auto-exploring this place.
 F = Levels seen in this place.
 G = Mean time per level.
                   A        B        C        D        E       F      G
               +--------+--------+--------+--------+--------+-----+--------+
         Total |  23697 |  22685 |   1012 |   6703 |   9482 |  21 | 1128.4 |
       Dungeon |  13474 |  12716 |    758 |   3333 |   6184 |  12 | 1122.8 |
          Lair |   7872 |   7619 |    253 |   2556 |   2925 |   5 | 1574.4 |
  Orcish Mines |   2137 |   2137 |      0 |    814 |    360 |   2 | 1068.5 |
         Abyss |    214 |    214 |      0 |      0 |     13 |   2 |  107.0 |
               +--------+--------+--------+--------+--------+-----+--------+

Top non-repeatable levels by time:
  Lair:3: 2473 daAuts
  Lair:5: 2217 daAuts
     D:7: 2035 daAuts
   Orc:2: 1701 daAuts
    D:10: 1581 daAuts
    D:11: 1574 daAuts
     D:9: 1331 daAuts
  Lair:1: 1294 daAuts
     D:6: 1073 daAuts
  Lair:4: 992 daAuts
    D:12: 981 daAuts
     D:2: 902 daAuts
  Lair:2: 893 daAuts
     D:1: 843 daAuts
     D:5: 812 daAuts
